TOP OF THE 1ST |
Redwood City Redwoods batting - Pitching for District 9 Prawns : RHP Larry Johnston
|
Pitching: RHP Larry Johnston
|
|
Batting: LHB Tim Ramsey
|
0-0: Called Strike 0-1: Ball 1-1: Swinging Strike 1-2: Ball 2-2: Ball 3-2: Ground out 6-3 (Groundball, 6MD)
|
Batting: LHB Keith Green
|
0-0: Ball 1-0: Foul Ball, location: 2F 1-1: Ball 2-1: Foul Ball, location: 2F 2-2: Ball 3-2: Base on Balls
|
Batting: RHB David Adams
|
0-0: Ball 1-0: Fly out, F7 (Line Drive, 7D)
|
Batting: RHB Steve Sampson
|
0-0: Ball 1-0: Fly out, F8 (Flyball, 8RM)
|
Top of the 1st over - 0 runs, 0 hits, 0 errors, 1 left on base; Redwood City 0 - District 9 0 |
BOTTOM OF THE 1ST |
District 9 Prawns batting - Pitching for Redwood City Redwoods : RHP Pedro Cabrera
|
Pitching: RHP Pedro Cabrera
|
|
Batting: SHB Júlio Macías
|
0-0: Ball 1-0: Ball 2-0: Called Strike 2-1: Swinging Strike 2-2: Ball 3-2: Foul Ball, location: 2F 3-2: Foul Ball, location: 2F 3-2: Ground out 4-3 (Groundball, 4MS)
|
Batting: RHB José Colón
|
0-0: Called Strike 0-1: Foul Ball, location: 2F 0-2: Foul Ball, location: 2F 0-2: Strikes out looking
|
Batting: LHB Terry Simpson
|
0-0: Ball 1-0: Ball 2-0: Fly out, F2 (Popup, 2LF)
|
Bottom of the 1st over - 0 runs, 0 hits, 0 errors, 0 left on base; Redwood City 0 - District 9 0 |
TOP OF THE 2ND |
Redwood City Redwoods batting - Pitching for District 9 Prawns : RHP Larry Johnston
|
Batting: RHB Jason Blair
|
0-0: Foul Ball, location: 2F 0-1: Foul Ball, location: 2F 0-2: Ball 1-2: Foul Ball, location: 2F 1-2: Ball 2-2: Strikes out swinging
|
Batting: LHB Vicente Chávez
|
0-0: Foul Ball, location: 2F 0-1: Ball 1-1: Called Strike 1-2: Strikes out swinging
|
Batting: RHB Héctor Vázquez
|
0-0: Fly out, F3 (Popup, 34S)
|
Top of the 2nd over - 0 runs, 0 hits, 0 errors, 0 left on base; Redwood City 0 - District 9 0 |
BOTTOM OF THE 2ND |
District 9 Prawns batting - Pitching for Redwood City Redwoods : RHP Pedro Cabrera
|
Batting: LHB Mike Davis
|
0-0: Called Strike 0-1: Ball 1-1: Ball 2-1: DOUBLE (Line Drive, 9LS)
|
Batting: LHB Jeff Doss
|
0-0: Foul Ball, location: 2F 0-1: Ball 1-1: Swinging Strike 1-2: Ball 2-2: Foul Ball, location: 2F 2-2: Fly out, F3 (Line Drive, 34)
|
Batting: LHB Manuel Cardenas
|
0-0: Ball 1-0: Ball 2-0: Ball 3-0: Called Strike 3-1: Base on Balls
|
Batting: RHB Edgardo Carrasco
|
0-0: Ball 1-0: Ball 2-0: SINGLE (Groundball, 34D) Mike Davis to third Manuel Cardenas to second Runner from 3rd tries for Home, SAFE, no throw
|
Batting: RHB Alfredo Rangel
|
0-0: Grounds into double play, 6-4-3 (Groundball, 6D)
|
Bottom of the 2nd over - 1 run, 2 hits, 0 errors, 1 left on base; Redwood City 0 - District 9 1 |
TOP OF THE 3RD |
Redwood City Redwoods batting - Pitching for District 9 Prawns : RHP Larry Johnston
|
Batting: RHB Luis Miguel Sánchez
|
0-0: Ball 1-0: Fly out, F7 (Flyball, 7S)
|
Batting: SHB Ryan Holcomb
|
0-0: Ball 1-0: Ball 2-0: Foul Ball, location: 2F 2-1: Foul Ball, location: 2F 2-2: Foul Ball, location: 2F 2-2: SINGLE (Groundball, 34S) (infield hit)
|
Batting: LHB Tim Ramsey
|
0-0: Ball Ryan Holcomb steals 2nd base 1-0: Swinging Strike 1-1: TRIPLE (Flyball, 89XD) Ryan Holcomb scores
|
Batting: LHB Keith Green
|
0-0: Called Strike 0-1: Ground out U3 (Groundball, 34) Tim Ramsey scores
|
Batting: RHB David Adams
|
0-0: Ball 1-0: Ball 2-0: Foul Ball, location: 2F 2-1: Ground out 4-3 (Groundball, 4)
|
Top of the 3rd over - 2 runs, 2 hits, 0 errors, 0 left on base; Redwood City 2 - District 9 1 |
BOTTOM OF THE 3RD |
District 9 Prawns batting - Pitching for Redwood City Redwoods : RHP Pedro Cabrera
|
Batting: LHB Culley Vaughan
|
0-0: Called Strike 0-1: Swinging Strike 0-2: Ball 1-2: Ball 2-2: Foul Ball, location: 2F 2-2: Strikes out swinging
|
Batting: SHB Júlio Macías
|
0-0: Ball 1-0: Swinging Strike 1-1: Ball 2-1: Ball 3-1: Base on Balls
|
Batting: RHB José Colón
|
0-0: Ball Júlio Macías steals 2nd base 1-0: Called Strike 1-1: SINGLE (Line Drive, 6MD) Júlio Macías to third Runner from 3rd tries for Home, SAFE, no throw
|
Batting: LHB Terry Simpson
|
0-0: Swinging Strike 0-1: Ball 1-1: Swinging Strike 1-2: Ball 2-2: Foul Ball, location: 2F 2-2: Ball 3-2: Foul Ball, location: 2F 3-2: Foul Ball, location: 2F 3-2: Strikes out swinging
|
Batting: LHB Mike Davis
|
0-0: Ball 1-0: Ball 2-0: Foul Ball, location: 2F 2-1: Ball 3-1: Base on Balls José Colón to second
|
Batting: LHB Jeff Doss
|
0-0: Ball 1-0: Foul Ball, location: 2F 1-1: Ground out U3 (Groundball, 3)
|
Bottom of the 3rd over - 1 run, 1 hit, 0 errors, 2 left on base; Redwood City 2 - District 9 2 |
TOP OF THE 4TH |
Redwood City Redwoods batting - Pitching for District 9 Prawns : RHP Larry Johnston
|
Batting: RHB Steve Sampson
|
0-0: Ball 1-0: Ball 2-0: Ball 3-0: Called Strike 3-1: Called Strike 3-2: Foul Ball, location: 2F 3-2: SINGLE (Groundball, 4MD)
|
Batting: RHB Jason Blair
|
0-0: Ball 1-0: Called Strike 1-1: Swinging Strike 1-2: Strikes out swinging
|
Batting: LHB Vicente Chávez
|
0-0: Swinging Strike 0-1: Ball 1-1: Ball 2-1: Fly out, F9 (Flyball, 89M)
|
Batting: RHB Héctor Vázquez
|
0-0: Called Strike 0-1: Ball 1-1: SINGLE (Line Drive, 6MD) Steve Sampson to second
|
Batting: RHB Luis Miguel Sánchez
|
0-0: Foul Ball, location: 2F 0-1: Ball 1-1: SINGLE (Groundball, 34D) Steve Sampson to third Héctor Vázquez to second Runner from 3rd tries for Home, SAFE, no throw
|
Batting: SHB Ryan Holcomb
|
0-0: Ball 1-0: Ball 2-0: Fly out, F7 (Flyball, 7LS)
|
Top of the 4th over - 1 run, 3 hits, 0 errors, 2 left on base; Redwood City 3 - District 9 2 |
BOTTOM OF THE 4TH |
District 9 Prawns batting - Pitching for Redwood City Redwoods : RHP Pedro Cabrera
|
Batting: LHB Manuel Cardenas
|
0-0: Ball 1-0: Fly out, F7 (Flyball, 78M)
|
Batting: RHB Edgardo Carrasco
|
0-0: Called Strike 0-1: Ball 1-1: Ground out 1-3 (Groundball, 13S)
|
Batting: RHB Alfredo Rangel
|
0-0: Ball 1-0: Ball 2-0: Ball 3-0: Called Strike 3-1: Base on Balls
|
Batting: LHB Culley Vaughan
|
0-0: Ball 1-0: Ground out 4-3 (Groundball, 34)
|
Bottom of the 4th over - 0 runs, 0 hits, 0 errors, 1 left on base; Redwood City 3 - District 9 2 |
TOP OF THE 5TH |
Redwood City Redwoods batting - Pitching for District 9 Prawns : RHP Larry Johnston
|
Batting: LHB Tim Ramsey
|
0-0: Ball 1-0: SINGLE (Line Drive, 4D)
|
Batting: LHB Keith Green
|
0-0: Ball 1-0: Ball Tim Ramsey steals 2nd base 2-0: Swinging Strike 2-1: Called Strike 2-2: Foul Ball, location: 2F 2-2: Ball 3-2: Fly out, F6 (Popup, 6MS)
|
Batting: RHB David Adams
|
0-0: Foul Ball, location: 2F 0-1: Called Strike 0-2: Strikes out swinging
|
Batting: RHB Steve Sampson
|
0-0: Ball 1-0: Foul Ball, location: 2F 1-1: Ball 2-1: DOUBLE (Line Drive, 9LS) Tim Ramsey scores
|
Batting: RHB Jason Blair
|
0-0: Fly out, F4 (Popup, 34)
|
Top of the 5th over - 1 run, 2 hits, 0 errors, 1 left on base; Redwood City 4 - District 9 2 |
BOTTOM OF THE 5TH |
District 9 Prawns batting - Pitching for Redwood City Redwoods : RHP Pedro Cabrera
|
Batting: SHB Júlio Macías
|
0-0: Called Strike 0-1: Ball 1-1: Ball 2-1: Ball 3-1: Base on Balls
|
Pitching: RHP Cristo Balderas
|
|
Batting: RHB José Colón
|
0-0: Ball Júlio Macías steals 2nd base 1-0: Ground out 5-3 (Groundball, 56)
|
Batting: LHB Terry Simpson
|
0-0: Ball 1-0: Fly out, F8 (Line Drive, 8RD)
|
Batting: LHB Mike Davis
|
0-0: Called Strike 0-1: Swinging Strike 0-2: Foul Ball, location: 2F 0-2: Ball 1-2: Strikes out swinging
|
Bottom of the 5th over - 0 runs, 0 hits, 0 errors, 1 left on base; Redwood City 4 - District 9 2 |
TOP OF THE 6TH |
Redwood City Redwoods batting - Pitching for District 9 Prawns : RHP Larry Johnston
|
Pitching: LHP Ricardo Vega
|
|
Batting: LHB Vicente Chávez
|
0-0: Hit by Pitch
|
Batting: RHB Héctor Vázquez
|
0-0: Fly out, F8 (Flyball, 8RM)
|
Batting: RHB Luis Miguel Sánchez
|
0-0: Grounds into double play, 6-4-3 (Groundball, 6)
|
Top of the 6th over - 0 runs, 0 hits, 0 errors, 0 left on base; Redwood City 4 - District 9 2 |
BOTTOM OF THE 6TH |
District 9 Prawns batting - Pitching for Redwood City Redwoods : RHP Cristo Balderas
|
Batting: LHB Jeff Doss
|
0-0: Swinging Strike 0-1: DOUBLE (Line Drive, 9LS)
|
Batting: LHB Manuel Cardenas
|
0-0: Ball 1-0: Ball 2-0: DOUBLE (Groundball, 3L) Jeff Doss scores
|
Batting: RHB Edgardo Carrasco
|
Pickoff Throw to Second - Out! 0-0: Ball 1-0: Foul Ball, location: 2F 1-1: Called Strike 1-2: Ball 2-2: Foul Ball, location: 2F 2-2: SINGLE (Groundball, 56D)
|
Batting: RHB Alfredo Rangel
|
0-0: Ball 1-0: Fly out, F4 (Popup, 34S)
|
Batting: LHB Culley Vaughan
|
0-0: Ball 1-0: Fielders Choice at 2nd, 6-4 (Groundball, 6)
|
Bottom of the 6th over - 1 run, 3 hits, 0 errors, 1 left on base; Redwood City 4 - District 9 3 |
TOP OF THE 7TH |
Redwood City Redwoods batting - Pitching for District 9 Prawns : LHP Ricardo Vega
|
Batting: SHB Ryan Holcomb
|
0-0: Swinging Strike 0-1: Ball 1-1: Foul Ball, location: 2F 1-2: Foul Ball, location: 2F 1-2: Strikes out looking
|
Batting: LHB Tim Ramsey
|
0-0: Ball 1-0: Foul Ball, location: 2F 1-1: Ball 2-1: Ball 3-1: Base on Balls
|
Pinch Hitting: RHB Francisco Rodríguez
|
0-0: Ball Tim Ramsey is caught stealing 2nd base 1-0: Ball 2-0: Ball 3-0: Called Strike 3-1: Fly out, F2 (Popup, 2RF)
|
Top of the 7th over - 0 runs, 0 hits, 0 errors, 0 left on base; Redwood City 4 - District 9 3 |
BOTTOM OF THE 7TH |
District 9 Prawns batting - Pitching for Redwood City Redwoods : RHP Cristo Balderas
|
Now in LF: Pedro Rodríguez
|
|
Batting: SHB Júlio Macías
|
0-0: Ball 1-0: Ball 2-0: Called Strike 2-1: Swinging Strike 2-2: Foul Ball, location: 2F 2-2: Ball 3-2: Base on Balls
|
Batting: RHB José Colón
|
0-0: Ball 1-0: Swinging Strike 1-1: Grounds into double play, 6-4-3 (Groundball, 6)
|
Batting: LHB Terry Simpson
|
0-0: Called Strike 0-1: Ball 1-1: Ball 2-1: Called Strike 2-2: Ground out 5-3 (Groundball, 56)
|
Bottom of the 7th over - 0 runs, 0 hits, 0 errors, 0 left on base; Redwood City 4 - District 9 3 |
TOP OF THE 8TH |
Redwood City Redwoods batting - Pitching for District 9 Prawns : LHP Ricardo Vega
|
Batting: RHB David Adams
|
0-0: Ball 1-0: Ball 2-0: Called Strike 2-1: Fly out, F4 (Popup, 34)
|
Batting: RHB Steve Sampson
|
0-0: Swinging Strike 0-1: Foul Ball, location: 2F 0-2: Ball 1-2: Ball 2-2: Strikes out swinging
|
Batting: RHB Jason Blair
|
0-0: Swinging Strike 0-1: Reached on error, E5 (Groundball, 56)
|
Batting: LHB Vicente Chávez
|
0-0: Ball 1-0: Called Strike 1-1: Ball 2-1: Ball 3-1: Ground out 4-3 (Groundball, 4)
|
Top of the 8th over - 0 runs, 0 hits, 1 error, 1 left on base; Redwood City 4 - District 9 3 |
BOTTOM OF THE 8TH |
District 9 Prawns batting - Pitching for Redwood City Redwoods : RHP Cristo Balderas
|
Now at SS: David Strickland
|
|
Batting: LHB Mike Davis
|
0-0: Ball 1-0: Ball 2-0: Fly out, F8 (Flyball, 8RXD)
|
Batting: LHB Jeff Doss
|
0-0: Ball 1-0: Ball 2-0: Ground out 4-3 (Groundball, 34S)
|
Batting: LHB Manuel Cardenas
|
0-0: Foul Ball, location: 2F 0-1: Ball 1-1: Ball 2-1: Fly out, F2 (Popup, 2LF)
|
Bottom of the 8th over - 0 runs, 0 hits, 0 errors, 0 left on base; Redwood City 4 - District 9 3 |
TOP OF THE 9TH |
Redwood City Redwoods batting - Pitching for District 9 Prawns : LHP Ricardo Vega
|
Pitching: RHP Mike Stabler
|
|
Batting: RHB Héctor Vázquez
|
0-0: Ball 1-0: Called Strike 1-1: Ball 2-1: Foul Ball, location: 2F 2-2: Ball 3-2: Base on Balls
|
Batting: RHB Luis Miguel Sánchez
|
0-0: Ball 1-0: Sac Bunt - play at first, batter OUT! 1-4 Héctor Vázquez to second
|
Batting: SHB Ryan Holcomb
|
0-0: Ball 1-0: Ball 2-0: Foul Ball, location: 2F 2-1: Ball 3-1: Base on Balls
|
Batting: LHB Tim Ramsey
|
0-0: Ball 1-0: Ball 2-0: Called Strike 2-1: Fly out, F7 (Flyball, 78M)
|
Batting: LHB Pedro Rodríguez
|
0-0: Ball 1-0: Called Strike 1-1: Fly out, F5 (Line Drive, 56D)
|
Top of the 9th over - 0 runs, 0 hits, 0 errors, 2 left on base; Redwood City 4 - District 9 3 |
BOTTOM OF THE 9TH |
District 9 Prawns batting - Pitching for Redwood City Redwoods : RHP Cristo Balderas
|
Pitching: RHP Juan Sánchez
|
|
Batting: RHB Edgardo Carrasco
|
0-0: Ground out 6-3 (Groundball, 56D)
|
Pinch Hitting: LHB Jeff Thompson
|
0-0: Ground out 6-3 (Groundball, 56)
|
Pinch Hitting: LHB Leonard Young
|
0-0: Ball 1-0: Ball 2-0: Swinging Strike 2-1: Ball 3-1: Foul Ball, location: 2F 3-2: Foul Ball, location: 2F 3-2: Foul Ball, location: 2F 3-2: Strikes out looking
|
Bottom of the 9th over - 0 runs, 0 hits, 0 errors, 0 left on base; Redwood City 4 - District 9 3 |
|